AoeStats
← unicorn

Arabia

510975357Analyzed
1v1 RM · 8h ago on Oct 3, 2026· 41m 34s· 2 players
Game mode
Random Map
Map size
Tiny (2 player)
Population
200
Speed
Normal
Resources
Standard
Victory
Conquest
Starting age
Dark Age
Ending age
Imperial Age
RankedLock teamsTeams togetherTeam positionsShared explorationLock speedFull tech treeHidden civsTurbo modeCheats
Victory
Defeat
🇷🇺 Danes · Russia
1371
+17
🇪🇸 Vietnamese · Spain
1385
-17
unicorn
12:27 Feudal Age
10:42 Loom
13:17 Horse Collar
13:26 Double-Bit Axe
13:46 Loom
20:23 Castle Age
23:24 Bow Saw
24:07 Heavy Plow
25:52 Wheelbarrow
26:13 Squires
29:42 Pikeman
34:25 Imperial Age
34:08 Scale Mail Armor
34:27 Onager
34:40 Halberdier
35:45 Chain Mail Armor
36:28 Conscription
37:54 Plate Mail Armor
38:39 Elite Varangian Guard
40:30 Arson
42:23 Forging
Xallechaman
2:05 Loom
11:29 Feudal Age
13:33 Double-Bit Axe
18:28 Town Watch
18:38 Gold Mining
18:36 Horse Collar
19:01 Padded Archer Armor
18:52 Fletching
24:07 Castle Age
23:20 Forging
23:15 Scale Barding Armor
24:27 Bloodlines
24:12 Crossbowman
25:49 Husbandry
26:07 Bodkin Arrow
28:15 Iron Casting
30:22 Ballistics
30:42 Thumb Ring
31:09 Leather Archer Armor
33:35 Stone Mining
33:15 Light Cavalry
34:36 Wheelbarrow
38:55 Imperial Age
38:20 Chain Barding Armor
40:01 Arbalester
Connection lost

Rejoining the realm…

Still unreachable

The connection could not be restored.

Session expired

The server has moved on; the page needs a fresh start.